 Dungeon Crawl Stone Soup version 0.19.5 (webtiles) character file.

2295 Gargoyl the Covered (level 9, -6/74 HPs)
             Began as a Ghoul Abyssal Knight on Mar 11, 2017.
             Was a Priest of Lugonu.
             Mangled by Joseph
             ... wielding a +0 quarterstaff
              (10 damage)
             ... on level 7 of the Dungeon.
             The game lasted 00:16:48 (5880 turns).

Gargoyl the Covered (Ghoul Abyssal Knight)          Turns: 5880, Time: 00:16:48

Health: -6/74      AC: 16    Str: 21    XL:     9   Next: 40%
Magic:  12/12      EV:  6    Int:  7    God:    Lugonu [***...]
Gold:   274        SH:  4    Dex: 11    Spells: 0 memorised, 8 levels left

rFire  . . .     SeeInvis +     a - +1 hand axe
rCold  + . .     Gourm    .     f - +0 plate armour
rNeg   + + +     Faith    .     z - +0 buckler
rPois  ∞         Spirit   .     (no helmet)
rElec  .         Reflect  .     w - +1 cloak {rPois}
rCorr  .         Harm     .     (no gloves)
MR     .....                    l - +0 pair of boots
Stlth  ..........               (no amulet)
                                v - ring of see invisible
                                o - ring of flight

@: mighty, rotting, hasted, very quick
A: rotting body, claws 1, carnivore 3, cold resistance 1, negative energy
resistance 3, slow regeneration 1, torment resistance, unbreathing
a: Depart the Abyss, Bend Space, Banish, Renounce Religion, Evoke Flight


You were on level 7 of the Dungeon.
You worshipped Lugonu.
Lugonu was most pleased with you.
You were not hungry.

You visited 1 branch of the dungeon, and saw 7 of its levels.
You visited the Abyss 1 time.

You collected 274 gold pieces.

Inventory:

Hand Weapons
 a - a +1 hand axe (weapon)
Missiles
 i - 7 tomahawks (quivered)
Armour
 f - a +0 plate armour (worn)
 l - a +0 pair of boots (worn)
 w - a +1 cloak of poison resistance (worn)
 z - a +0 buckler (worn)
Jewellery
 h - an uncursed ring of ice
 o - a ring of flight (left claw)
 v - a ring of see invisible (right claw)
Wands
 m - a wand of paralysis (12/24)
 y - a wand of polymorph (14/24)
Scrolls
 b - a scroll of blinking
 e - 4 scrolls of magic mapping
 n - 3 scrolls of teleportation
 p - 8 scrolls of identify
 q - 3 scrolls of fog
 r - 5 scrolls of remove curse
 u - a scroll of torment {unknown}
 B - a scroll of recharging
 E - a scroll of amnesia
Potions
 k - a potion of might
 s - a potion of cure mutation {unknown}
 t - 2 potions of flight
 x - a potion of lignification {unknown}
 A - a potion of heal wounds {unknown}
 C - a potion of cancellation {unknown}
 D - 4 potions of haste
Books
 d - a book of Minor Magic

   Spells                             Type                      Level
   a - Magic Dart                     Conjuration                  1
   b - Blink                          Translocation                2
   c - Call Imp                       Summoning                    2
   d - Repel Missiles                 Charms/Air                   2
   e - Slow                           Hexes                        2
   f - Conjure Flame                  Conjuration/Fire             3
   g - Mephitic Cloud                 Conjuration/Poison/Air       3
 F - a book of Geomancy

   Spells                             Type                      Level
   a - Sandblast                      Earth                        1
   b - Passwall                       Transmutation/Earth          2
   c - Stone Arrow                    Conjuration/Earth            3
   d - Petrify                        Transmutation/Earth          4
   e - Lee's Rapid Deconstruction     Earth                        5
Comestibles
 c - 5 meat rations
 g - 2 slices of pizza
 j - 3 beef jerkies


   Skills:
 + Level 5.3 Fighting
 + Level 6.5 Axes
 + Level 0.6 Throwing
 * Level 6.6 Armour
 + Level 1.3 Dodging
 + Level 2.3 Shields
 * Level 6.0 Invocations


You had 8 spell levels left.
You didn't know any spells.

Dungeon Overview and Level Annotations

Branches:
Dungeon (7/15)             Temple (0/1) D:6

Altars:
Dithmenos
Elyvilon
Gozag
Hepliaklqana
Kikubaaqudgha
Nemelex Xobeh
Qazlal
Ru
Yredelemnul

Annotations:
D:7 Joseph
Abyss:1 Prince Ribbit


Innate Abilities, Weirdness & Mutations

Your body is rotting away.
You thrive on raw meat.
You are immune to poison.
You have sharp fingernails.
You are carnivorous and can eat meat at any time.
Your flesh is cold resistant. (rC+)
You are immune to negative energy. (rN+++)
You regenerate slowly when monsters are visible.
You are immune to unholy pain and torment.
You can survive without breathing.


Message History

You start eating the chunk of flesh.
Joseph hits you with an uncursed quarterstaff.
* * * LOW HITPOINT WARNING * * *
This raw flesh tastes great!
Okay, then.
You feel very mighty all of a sudden.
Joseph says, "I'm here to kill trespassers.
I like my job."
Joseph hits you with an uncursed quarterstaff.
* * * LOW HITPOINT WARNING * * *
You hit Joseph.
Joseph is heavily wounded.
Joseph hits you with an uncursed quarterstaff.
* * * LOW HITPOINT WARNING * * *
You closely miss Joseph.
Joseph is heavily wounded.
Joseph hits you with an uncursed quarterstaff!
* * * LOW HITPOINT WARNING * * *
It was a potion of haste.
You feel yourself speed up.
Joseph hits you with an uncursed quarterstaff!
You die...

#.......#
#.....(.# ## #
#.......# #.# #
#......<## #.. #
#....÷..(# #.# #
#.......(# #.# #
##.#####.# #.# #
#.# #(# ###.####
#.# #@# #.......
#.#
#@#########.#.####
#.#
#....h.h@.#.#.h...
#.#
#########.#h###h##
#.# #.#.# #.# #.#
#.#h# #.# #h#h#
#.# ##h#.###.##
#......:..#


You could see Joseph.

Vanquished Creatures
  Sigmund (D:4)
  Menkaure (D:6)
  Duvessa (D:6)
  4 ogres
  2 ice beasts (D:6)
  A centaur (D:6)
  Blork the orc (D:4)
  3 bullfrogs (D:6)
  Dowan (D:6)
  A scorpion (D:7)
  A centaur zombie (D:5)
  2 crimson imps
  2 orc priests (D:6)
  A bullfrog skeleton (D:7)
  Natasha (D:1)
  2 iguanas
  A worker ant (D:4)
  A hound skeleton (D:4)
  8 adders
  A howler monkey skeleton (D:6)
  2 shadow imps
  An ooze (D:5)
  2 adder zombies (D:5)
  A worm (D:2)
  A dart slug (D:1)
  2 leopard geckos
  7 orcs
  2 ball pythons
  6 bats
  2 giant cockroaches (D:5)
  8 hobgoblins
  4 jackals
  3 quokkas
  A ball python skeleton (D:4)
  6 frilled lizards
  6 goblins
  A jackal skeleton (D:3)
  10 kobolds
  A leopard gecko skeleton (D:5)
  A quokka zombie (D:5)
  12 rats
115 creatures vanquished.

Vanquished Creatures (others)
  A hill giant (D:6)
  2 orc warriors
  A rat (D:1)
4 creatures vanquished.

Grand Total: 119 creatures vanquished

Notes
Turn   | Place    | Note
-------+----------+-------------------------------------------
     0 | Abyss:1  | Gargoyl the Ghoul Abyssal Knight began the quest for the Orb.
     0 | Abyss:1  | Reached XP level 1. HP: 19/19 MP: 1/1
    20 | Abyss:2  | Found a corrupted altar of Lugonu.
   132 | Abyss:2  | Noticed a neqoxec
   133 | Abyss:2  | Noticed a red devil
   134 | Abyss:2  | Noticed a balrug
   134 | Abyss:2  | Noticed a sun demon
   134 | Abyss:2  | Noticed a sun demon
   135 | D:1      | Escaped the Abyss
   428 | D:1      | Reached XP level 2. HP: 23/27 MP: 2/2
   745 | D:1      | Reached skill level 1 in Dodging
   769 | D:1      | Reached * piety under Lugonu
   975 | D:2      | Noticed Natasha
   982 | D:1      | Killed Natasha
   982 | D:1      | Reached XP level 3. HP: 28/33 MP: 3/3
  1094 | D:2      | Found an opulent altar of Gozag.
  1097 | D:2      | Found a stormy altar of Qazlal.
  1100 | D:2      | Found an ancient bone altar of Kikubaaqudgha.
  1103 | D:2      | Found a sacrificial altar of Ru.
  1317 | D:2      | Reached XP level 4. HP: 40/40 MP: 5/5
  1673 | D:2      | Reached ** piety under Lugonu
  1702 | D:3      | Noticed an ogre
  1734 | D:3      | Killed an ogre
  1734 | D:3      | Reached XP level 5. HP: 16/46 MP: 6/6
  1931 | D:3      | Found a hazy altar of Hepliaklqana.
  2317 | D:3      | Found a shadowy altar of Dithmenos.
  2525 | D:4      | Reached XP level 6. HP: 51/52 MP: 7/7
  2592 | D:4      | Noticed Sigmund
  2703 | D:4      | Killed Sigmund
  2835 | D:4      | Noticed Blork the orc
  2856 | D:4      | Killed Blork the orc
  2856 | D:4      | Reached XP level 7. HP: 15/59 MP: 8/8
  3143 | D:5      | Entered Level 5 of the Dungeon
  3334 | D:5      | Noticed Prince Ribbit
  3369 | D:4      | Reached skill level 5 in Armour
  3763 | D:5      | Found a sparkling altar of Nemelex Xobeh.
  3960 | D:6      | HP: 1/58 [ogre/giant spiked club (19)]
  3970 | D:6      | Reached *** piety under Lugonu
  3970 | D:6      | Reached XP level 8. HP: 10/67 MP: 10/10
  4158 | D:6      | Banished Prince Ribbit
  4174 | D:6      | Noticed Duvessa
  4178 | D:6      | Noticed Dowan
  4199 | D:6      | Killed Duvessa
  4199 | D:6      | Reached skill level 5 in Axes
  4217 | D:6      | Reached skill level 1 in Shields
  4257 | D:6      | Killed Dowan
  4257 | D:6      | Reached skill level 5 in Invocations
  4467 | D:6      | Noticed a hill giant
  4468 | D:6      | Banished a hill giant
  4495 | D:6      | Reached skill level 5 in Fighting
  4618 | D:6      | Reached XP level 9. HP: 42/72 MP: 12/12
  5015 | D:6      | Found a staircase to the Ecumenical Temple.
  5283 | D:6      | Noticed Menkaure
  5298 | D:6      | Killed Menkaure
  5477 | D:6      | Found a basalt altar of Yredelemnul.
  5561 | D:6      | Found a white marble altar of Elyvilon.
  5798 | D:7      | Noticed Joseph
  5879 | D:7      | HP: 3/74 [Joseph/uncursed quarterstaff (8)]
  5880 | D:7      | Mangled by Joseph

Skill      XL: |  1  2  3  4  5  6  7  8  9 |
---------------+----------------------------+-----
Axes           | 2 3 4 6 |  6.5
Armour         | 2 3 4 5 6 |  6.6
Dodging        | 1 |  1.3
Invocations    | 3 4 5 6 |  6.0
Fighting       | 4 5 |  5.3
Shields        | 2 |  2.3
Throwing       | |  0.6

Action                   |  1- 3 |  4- 6 |  7- 9 || total
-------------------------+-------+-------+-------++-------
Melee: Hand axe          |   151 |   209 |   403 ||   763
Throw: Tomahawk          |       |     1 |     4 ||     5
Invok: Depart the Abyss  |     1 |       |       ||     1
       Banish            |       |       |     4 ||     4
  Use: Potion            |     4 |     1 |     7 ||    12
       Scroll            |     3 |     7 |       ||    10
 Stab: Invisible         |       |     1 |       ||     1
  Eat: Chunk             |    14 |    20 |    56 ||    90
Armor: Plate armour      |   157 |   129 |   298 ||   584
Dodge: Dodged            |    46 |    69 |   107 ||   222
Block: Buckler           |       |       |    60 ||    60
